 Dungeon Crawl Stone Soup version 0.29.1-13-g9f3cf754e1 (webtiles) character file.

Game seed: 4039134721250459096

2119 melkoren the Grappler (level 9, -5/71 (82) HPs)
             Began as a Naga Monk on Jan 24, 2023.
             Was a Priest of Wu Jian.
             Slain by a wight
             ... wielding a +0 battleaxe
              (11 damage)
             ... on level 6 of the Dungeon.
             The game lasted 00:20:00 (9781 turns).

melkoren the Grappler (Naga Monk)                   Turns: 9781, Time: 00:20:00

HP:   -5/71 (82)    AC: 13    Str: 17    XL:     9   Next: 29%
MP:   9/9           EV:  6    Int: 10    God:    Wu Jian [***...]
Gold: 305           SH:  0    Dex: 15    Spells: 8/8 levels left

rFire   . . .      SeeInvis +     - Unarmed
rCold   . . .      Faith    .   r - orb {light}
rNeg    . . .      Spirit   .   q - +0 chain mail
rPois   +          Reflect  .   e - +0 helmet
rElec   .          Harm     .   (no cloak)
rCorr   .          Rampage  .   (no gloves)
Will    +....      Rage     3%  (no barding)
Stlth   ..........              (no amulet)
HPRegen 0.21/turn               d - +4 ring of protection
MPRegen 0.11/turn               (no ring)

@: about to teleport, glowing, heavily drained, very slow
A: AC +3, large, see invisible, deformed body, poison resistance, slowness 2,
spit poison 1, naga tail 1, berserk 1, deterioration 1, MP-powered wands
a: Spit Poison, Renounce Religion, Wall Jump, Serpent's Lash


You were on level 6 of the Dungeon.
You worshipped Wu Jian.
Wu Jian was most pleased with you.
You visited 2 branches of the dungeon, and saw 7 of its levels.
You also visited: Sewer and Ossuary.

You collected 305 gold pieces.

Inventory:

Missiles
 k - 5 poisoned darts
Armour
 a - a +0 robe
 e - a +0 helmet (worn)
 q - a +0 chain mail (worn)
 r - an orb of light (worn)
Magical Staves
 i - a staff of earth
Jewellery
 d - a +4 ring of protection (left hand)
 n - a ring of resist corrosion
Wands
 j - a wand of quicksilver (5)
 s - a wand of digging (6)
 y - a wand of charming (7)
 B - a wand of flame (6)
Scrolls
 c - 2 scrolls of magic mapping
 g - 2 scrolls of noise
 h - 2 scrolls of teleportation
 m - a scroll of immolation
 o - 3 scrolls of identify
 p - 2 scrolls of poison
 x - a scroll of blinking
 C - a scroll of fear
Potions
 b - 3 potions of degeneration {unknown}
 f - 4 potions of curing
 l - 3 potions of heal wounds
 t - a potion of flight {unknown}
 u - a potion of invisibility
 v - a potion of haste
 z - a potion of cancellation
 A - a potion of brilliance


   Skills:
 + Level 6.1 Fighting
 + Level 4.1 Armour
 + Level 5.1 Dodging
 - Level 3.2 Stealth
 * Level 8.1 Unarmed Combat


You had 8 spell levels left.
You didn't know any spells.
Your spell library contained the following spells:

 Spells                   Type           Power      Damage    Failure   Level
 Animate Dead             Necr           0%         N/A       100%        4
 Borgnjor's Vile Clutch   Necr/Erth      0%         N/A       100%        5
 Death Channel            Necr           0%         N/A       100%        6
 Malign Gateway           Summ/Tloc      0%         N/A       100%        7
 Summon Horrible Things   Summ           0%         N/A       100%        8


Dungeon Overview and Level Annotations

Branches:
Dungeon (6/15)             Temple (1/1) D:5           Sewer (visited)
Ossuary (visited)

Altars:
Dithmenos
Elyvilon
Fedhas
Gozag
Hepliaklqana
Kikubaaqudgha
Makhleb
Nemelex Xobeh
Qazlal
Sif Muna
Trog
Uskayaw
Vehumet
Wu Jian
Yredelemnul
The Shining One


Innate Abilities, Weirdness & Mutations

Your serpentine skin is tough. (AC +3)
You have supernaturally acute eyesight. (SInv)
Armour fits poorly on your strangely shaped body.
Your system is resistant to poisons. (rPois)
You cover ground very slowly.
You can spit poison.
You have a snake-like lower body.
You sometimes lose your temper in combat.
Your body sometimes deteriorates upon taking damage.
You expend magic power (3 MP) to strengthen your wands.


Message History

The wight hits you with a +0 battleaxe! The wight barely misses you.
You hit the wight.
The wight is lightly damaged.
The wight hits you but does no damage. x2; The wight barely misses you.
The wight hits you but does no damage.
You hit the wight.
The wight is moderately damaged.
You hit the wight.
The wight is heavily damaged.
The wight hits you with a +2 war axe.
The wight hits you but does no damage. x2
The wight hits you from afar with a +4 trident.
You feel drained.
You hit the wight but do no damage.
The wight is heavily damaged.
The wight hits you but does no damage. The wight hits you with a +0 battleaxe!
You feel drained. The wight hits you but does no damage.
The wight closely misses you.
You hit the wight but do no damage.
The wight is heavily damaged.
The wight hits you with a +2 war axe.
You feel drained. The wight hits you with a +0 battleaxe!
You feel drained.
The wight hits you with a +1 hand axe of freezing.
The wight freezes you.
The wight hits you from afar with a +4 trident.
The wight attacks as you move away!
The wight hits you but does no damage. x2
The wight hits you with a +2 war axe. The wight hits you with a +0 battleaxe.
You feel drained.
Unknown command.
You are too injured to fight recklessly!
You hit the wight but do no damage.
You are too injured to fight recklessly!
The wight attacks as you move away! The wight hits you but does no damage.
The wight hits you with a +2 war axe.
You feel drained.
* * * LOW HITPOINT WARNING * * *
The wight hits you with a +0 battleaxe!
* * * LOW HITPOINT WARNING * * *
You are too injured to fight recklessly!
As you read the scroll of teleportation, it crumbles to dust.
You feel strangely unstable. The wight hits you with a +0 battleaxe!
You die...

#.........#..
#...........
#.......... #.........#
#.........# #.....z)!.#
#z..#.+ #.z##.# ..#
#@z##.#...# #
####.....#...# ###
#............# ###..
###.............###...#
....................###
###.......>....###.##..
#............. #..#..
#.........#### ##.##.
#............. #..#.


You could see 4 wights.

Vanquished Creatures
  Grinder (D:4)
  2 wraiths (Ossuary)
  A black bear (D:5)
  2 ice beasts
  A centaur (D:6)
  A kobold brigand (Sewer)
  An elf skeleton (D:4)
  3 scorpions
  3 necrophages
  4 wights
  2 jellies (D:6)
  A howler monkey (D:5)
  A human zombie (D:4)
  3 hounds
  2 iguanas
  An orc wizard (D:6)
  A human skeleton (D:4)
  2 river rats
  8 adders
  A shadow imp (D:5)
  An adder zombie (Ossuary)
  2 worms (Sewer)
  3 dart slugs
  13 orcs
  5 bats
  9 endoplasms
  3 giant cockroaches (D:1)
  16 goblins
  10 hobgoblins
  4 jackals (D:1)
  3 quokkas
  12 ball pythons
  A ball python skeleton (Ossuary)
  3 frilled lizards
  A hobgoblin zombie (Ossuary)
  12 kobolds
  4 orc skeletons
  2 orc zombies (Ossuary)
  13 rats
158 creatures vanquished.

Vanquished Creatures (others)
  8 plants (D:1)
8 creatures vanquished.

Grand Total: 166 creatures vanquished

Notes
Turn   | Place    | Note
-------+----------+-------------------------------------------
     0 | D:1      | melkoren the Naga Monk began the quest for the Orb.
     0 | D:1      | Reached XP level 1. HP: 21/21 MP: 1/1
   301 | D:1      | Reached XP level 2. HP: 23/28 MP: 2/2
   922 | D:1      | Found a faded altar of an unknown god.
   969 | D:1      | Reached XP level 3. HP: 32/34 MP: 3/3
  1937 | D:2      | Found an ornate altar of the Wu Jian Council.
  2073 | D:2      | Became a worshipper of the Wu Jian Council
  2073 | D:2      | Reached * piety under Wu Jian
  2073 | D:2      | Reached ** piety under Wu Jian
  2109 | D:2      | Reached XP level 4. HP: 42/42 MP: 4/4
  2169 | D:2      | Reached skill level 1 in Armour
  2592 | D:3      | Found a glowing drain.
  2612 | Sewer    | Entered a sewer
  2615 | Sewer    | Noticed a kobold brigand
  2632 | Sewer    | Killed a kobold brigand
  2633 | Sewer    | Reached skill level 4 in Unarmed Combat
  2633 | Sewer    | Reached XP level 5. HP: 20/50 MP: 5/5
  3314 | Sewer    | Identified a scroll of acquirement
  3314 | Sewer    | Acquired an amulet of guardian spirit
  3645 | D:3      | Reached XP level 6. HP: 49/57 MP: 6/6
  4502 | D:4      | Reached *** piety under Wu Jian
  4744 | D:4      | Found a sand-covered staircase.
  4760 | D:4      | Reached skill level 5 in Unarmed Combat
  4762 | Ossuary  | Entered an ossuary
  5143 | Ossuary  | Noticed a flying skull
  5143 | Ossuary  | Noticed a wraith
  5150 | Ossuary  | Noticed a flying skull
  5152 | Ossuary  | Noticed a flying skull
  5156 | Ossuary  | Noticed a flying skull
  5182 | Ossuary  | Noticed a flying skull
  5189 | Ossuary  | Noticed a wraith
  5214 | Ossuary  | Killed a wraith
  5215 | Ossuary  | Reached XP level 7. HP: 15/66 MP: 7/7
  6378 | Ossuary  | Noticed a wraith
  6395 | Ossuary  | Killed a wraith
  6396 | Ossuary  | Reached skill level 6 in Unarmed Combat
  6712 | D:4      | Reached XP level 8. HP: 71/73 MP: 8/8
  6826 | D:4      | Reached skill level 5 in Fighting
  6933 | D:4      | Noticed Grinder
  6935 | D:4      | Paralysed by Grinder for 2 turns
  6947 | D:4      | Paralysed by Grinder for 4 turns
  6960 | D:4      | Killed Grinder
  7511 | D:4      | Identified the +0 scale mail "Catadwu" {Int+6}
  7829 | D:4      | Gained mutation: You expend magic power (3 MP) to
                  | strengthen your wands. [potion of mutation]
  7829 | D:4      | Gained mutation: You sometimes lose your temper in combat.
                  | [potion of mutation]
  7829 | D:4      | Gained mutation: Your body sometimes deteriorates upon
                  | taking damage. [potion of mutation]
  7913 | D:5      | Entered Level 5 of the Dungeon
  7930 | D:4      | Reached skill level 7 in Unarmed Combat
  8571 | D:5      | Found a staircase to the Ecumenical Temple.
  8670 | D:5      | Reached XP level 9. HP: 82/82 MP: 9/9
  9149 | Temple   | Entered the Ecumenical Temple
  9607 | D:6      | Reached skill level 5 in Dodging
  9731 | D:6      | Reached skill level 8 in Unarmed Combat
  9781 | D:6      | Slain by a wight

Illustrated notes

Levels and vault maps discovered:
D:1:      tarquinn_simple_flora_water_b, layout_rooms, serial_forest,
          infiniplex_forest_clump_C, infiniplex_forest_lined_room_2,
          infiniplex_forest_clump_tiny, infiniplex_forest_clump_large,
          infiniplex_forest_clump_double, shapermc_ecumenical_altar_venn
D:2:      layout_loops_corners, basic_altar
D:3:      layout_basic, serial_glass, glass_columns_a, glass_columns_b,
          portal_sewer_entry_a
D:4:      layout_loops_ring, nicolae_ossuary_entry_catacombs,
          kennysheep_generic_room_10, uniq_grinder
D:5:      cheibrodos_iron_armory, layout_cave_pools,
          minmay_temple_entry_stoned_glass, grunt_ministairs_1
D:6:      minmay_skewed_foursquare, layout_basic, serial_shops,
          nicolae_shop_bloodbath_and_beyond
Temple:   eino_temple_scatter_basement

Skill      XL: |  1  2  3  4  5  6  7  8  9 |
---------------+----------------------------+-----
Armour         | 1 2 3 4 |  4.1
Dodging        | 3 4 5 |  5.1
Unarmed Combat | 4 5 6 7 8 |  8.1
Fighting       | 4 5 6 |  6.1
Stealth        | |  3.2

Action                   |  1- 3 |  4- 6 |  7- 9 || total
-------------------------+-------+-------+-------++-------
Melee: Unarmed           |   157 |   300 |   195 ||   652
       Punch             |     2 |     7 |       ||     9
Invok: Lunge             |     1 |    21 |     6 ||    28
       Whirlwind         |       |     6 |     4 ||    10
       Serpent's Lash    |       |       |     1 ||     1
 Abil: Spit Poison       |       |     1 |     1 ||     2
  Use: Scroll            |     2 |     8 |     5 ||    15
       Potion            |     1 |       |     7 ||     8
 Stab: Sleeping          |     6 |    12 |       ||    18
Armor: Robe              |    92 |    41 |       ||   133
       Chain mail        |       |    59 |   109 ||   168
Dodge: Dodged            |   110 |    90 |    51 ||   251
